 Dungeon Crawl Stone Soup version 0.25-a0-517-gf8b3a32422 (console) character file.

Game seed: 12060472434793998594, levelgen mode: deterministic

71800 surprisetrex the Scorcher (level 15, 0/141 HPs)
             Began as a Hill Orc Fire Elementalist on Feb 17, 2020.
             Was the Champion of Okawaru.
             Slain by a minotaur
             ... wielding the cursed +0 trident of the Nine Gods {drain, rN++}
              (15 damage)
             ... in a Gauntlet.
             The game lasted 03:46:15 (34692 turns).

surprisetrex the Scorcher (HOFE)                   Turns: 34692, Time: 03:46:16

Health: 0/141      AC: 18    Str: 13    XL:     15   Next: 37%
Magic:  19/25      EV:  9    Int: 20    God:    Okawaru [******]
Gold:   1331       SH: 12    Dex: 18    Spells: 12/28 levels left

rFire    + . .     SeeInvis +   a - +7 flail {pain, rF+ rC+ Dex+4}
rCold    + . .     Gourm    .   J - +1 kite shield {reflect}
rNeg     . . .     Faith    .   T - +1 ring mail {rPois}
rPois    +         Spirit   .   E - +2 hood of the Assassin {Detection Stab+ Stlth++}
rElec    +         Reflect  +   p - +1 cloak {+Inv}
rCorr    .         Harm     .   Q - +0 pair of gloves {Dex+3}
MR       +....     Clarity  +   o - +1 pair of boots {Fly} Stlth +++.......NoTele +
                                (no amulet)
HPRegen  0.33/turn              d - ring of see invisible
MPRegen  0.19/turn              V - +4 ring of protection

@: very slightly contaminated, very heavily drained
A: clarity, robust 1, electricity resistance, MP-powered wands
a: Heroism, Finesse, Renounce Religion, Evoke Invisibility, Evoke Flight


You were in a Gauntlet.
You worshipped Okawaru.
Okawaru was exalted by your worship.
You were not hungry.

You visited 3 branches of the dungeon, and saw 21 of its levels.
You also visited: Ossuary and Gauntlet.

You collected 1355 gold pieces.
You spent 24 gold pieces at shops.

Inventory:

Hand Weapons
 a - the +7 flail of the Volcano (weapon) {pain, rF+ rC+ Dex+4}
   (Okawaru gifted it to you on level 12 of the Dungeon)

   In the hands of one skilled in necromantic magic, it inflicts extra damage on
   living creatures.
   It affects your dexterity (+4).
   It protects you from fire.
   It protects you from cold.
 v - a +2 scimitar of electrocution
Missiles
 f - 11 poisoned darts (quivered)
 q - 5 atropa-tipped darts
 R - 2 curare-tipped darts
Armour
 o - a +1 pair of boots of flying (worn)
 p - a +1 cloak of invisibility (worn)
 D - a +2 plate armour of magic resistance
 E - the +2 hood of the Assassin (worn) {Detection Stab+ Stlth++}
   (You found it in a Gauntlet)

   It makes you much more stealthy.
   If you remove this armour, your AC will decrease by 2 (18 -> 16).
 J - a +1 kite shield of reflection (worn)
 Q - a +0 pair of gloves of dexterity (worn)
 T - a +1 ring mail of poison resistance (worn)
Magical Staves
 b - an uncursed staff of power
 r - an uncursed staff of poison
Jewellery
 d - a ring of see invisible (left hand)
 l - an uncursed ring of positive energy
 K - a +4 ring of dexterity
 V - a +4 ring of protection (right hand)
Wands
 k - a wand of flame (33)
 w - a wand of digging (10)
 F - a wand of polymorph (7)
 S - a wand of random effects (25)
 X - a wand of enslavement (4)
 Y - a wand of acid (2)
 Z - a wand of iceblast (12)
Scrolls
 i - 2 scrolls of fog
 m - 3 scrolls of amnesia
 t - 4 scrolls of teleportation
 x - 4 scrolls of immolation
 A - 3 scrolls of enchant armour
 I - 2 scrolls of enchant weapon
 N - 3 scrolls of remove curse
 O - a scroll of silence
 P - 2 scrolls of magic mapping
Potions
 e - 5 potions of mutation
 g - a potion of berserk rage {unknown}
 h - 2 potions of resistance {unknown}
 z - a potion of invisibility {unknown}
 B - 3 potions of brilliance
 G - 3 potions of degeneration {unknown}
 H - 3 potions of flight {unknown}
 L - 4 potions of cancellation {unknown}
 M - a potion of agility {unknown}
Comestibles
 c - 23 rations


   Skills:
 - Level 11.0(7.4) Fighting
   Level 4.9(1.8) Axes
 - Level 8.1(4.8) Armour
 - Level 2.3(0.0) Dodging
 - Level 1.5(0.0) Stealth
 - Level 13.2(9.4) Shields
 - Level 7.1(3.8) Spellcasting
 - Level 10.7(7.1) Conjurations
 + Level 15.5(11.5) Fire Magic
 - Level 3.0(0.1) Poison Magic
 - Level 4.0(1.0) Evocations


You had 12 spell levels left.
You knew the following spells:

 Your Spells              Type           Power        Failure   Level  Hunger
a - Foxfire               Conj/Fire      ####         1%          1    None
b - Sticky Flame          Conj/Fire      #####...     12%         4    ####...
c - Conjure Flame         Conj/Fire      #####...     3%          3    ###....
d - Fireball              Conj/Fire      #####.....   32%         5    ######.
e - Mephitic Cloud        Conj/Pois/Air  ##......     50%         3    ###....

Your spell library contained the following spells:

 Spells                   Type           Power        Failure   Level  Hunger
 Magic Dart               Conj           ####         2%          1    None
 Inner Flame              Hex/Fire       ####....     16%         3    ###....
 Animate Skeleton         Necr           N/A          47%         1    None
 Apportation              Tloc           #.....       47%         1    None
 Corona                   Hex            #......      47%         1    None
 Summon Small Mammal      Summ           #...         47%         1    None
 Blink                    Tloc           N/A          63%         2    ##.....
 Call Imp                 Summ           #.......     63%         2    ##.....
 Slow                     Hex            #.......     63%         2    ##.....
 Cause Fear               Hex            #.........   99%         4    ####...
 Silence                  Hex/Air        #.........   100%        5    ######.
 Yara's Violent Unravell  Hex/Tmut       #.........   100%        5    ######.
 Deflect Missiles         Chrm/Air       #.........   100%        6    #######
 Discord                  Hex            #.........   100%        8    #######


Dungeon Overview and Level Annotations

Branches:
Dungeon (14/15)            Temple (1/1) D:7            Lair (6/6) D:8
  Swamp (0/4) Lair:3       Spider (0/4) Lair:4        Slime (0/5) Lair:5
Ossuary (visited)         Gauntlet (1/1)
    Orc: D:9-12      Vaults: D:13-14

Altars:
Ashenzari
Cheibriados
Dithmenos
Elyvilon
Fedhas
Gozag
Hepliaklqana
Kikubaaqudgha
Makhleb
Nemelex Xobeh
Okawaru
Qazlal
Ru
Sif Muna
Trog
Uskayaw
Vehumet
Wu Jian
Xom
Yredelemnul
Zin
The Shining One
Jiyva

Shops:
D:6 *   D:9 :

Annotations:
Gauntlet 10 transporters, 21 runed translucent doors


Innate Abilities, Weirdness & Mutations

You possess an exceptional clarity of mind.
You are robust. (+10% HP)
You are resistant to electric shocks. (rElec)
You expend magic power (3 MP) to strengthen your wands.


Message History

Aiming: Sticky Flame (safe; 12% risk of failure)
Press: ? - help, Shift-Dir - straight line, f - minotaur
Aim: a minotaur, wielding the +0 trident of the Nine Gods {drain, rN++}, wearing a +0 plate armour and quivering 10 silver javelins (noxious fumes, heavily wounded, very poisoned)
The sticky flame hits the minotaur.
The minotaur is heavily wounded.
The minotaur is covered in liquid flames!
The minotaur burns!
Okay, then.
As you read the scroll of fear, it crumbles to dust.
You assume a fearsome visage.
The minotaur resists with some effort.
The minotaur burns!
The minotaur is engulfed in noxious fumes.
You block the minotaur's attack. The minotaur gores you!
* * * LOW HITPOINT WARNING * * *
As you read the scroll of fear, it crumbles to dust.
You assume a fearsome visage.
The minotaur resists with almost no effort.
The minotaur burns!
The minotaur hits you with the cursed +0 trident of the Nine Gods {drain, rN++}!
You die...

#######.#.#.8.#..##########
[8[8.8#(..#...#≈.§.........
......'H###.8.#∩§..........
8|8.8#..(#...#§...........
######.#.#.8.#..##########
#.....#.#○°.#..#.hhb©bbh.
#8.......○8.####..##.##..
##.##.###H....©#h#..#..#^
#....(.@(8.####h#..#..#.
########.(.#..#h^#####^.
#§8≈#..#.#..#©.#.
#####..#.#..#..#.
#..#..##.##.. #..#...hbhbbb
###..##########
#8#......#©....
###≈.....######


You could see a minotaur (burning).

Vanquished Creatures
  Gastronok (D:10)
  A very ugly thing (D:14)
  Snorg (D:14)
  Josephine (Lair:6)
  Erolcha (D:9)
  A hydra (Lair:2)
  3 two-headed ogres
  7 death yaks
  2 centaur warriors
  Urug (D:8)
  2 thrashing horrors (Gauntlet)
  A soul eater (Gauntlet)
  A sixfirhy (Gauntlet)
  A wizard (D:14)
  A lindwurm (Lair:5)
  A cyclops (D:10)
  A wolf spider (Lair:4)
  12 elephants
  6 ugly things (D:14)
  A moth of wrath (Lair:4)
  3 black mambas
  Psyche (D:8)
  16 spiny frogs
  A kobold demonologist (D:8)
  2 rime drakes
  5 komodo dragons
  5 trolls
  A jumping spider (Lair:4)
  A queen bee (Lair:2)
  5 hornets (Lair:6)
  7 polar bears
  20 blink frogs
  3 hippogriffs
  3 dream sheep (Lair:6)
  Prince Ribbit (Lair:2)
  2 redbacks (Lair:4)
  A vampire (D:13)
  46 yaks
  13 spriggans
  5 wraiths
  4 basilisks
  A shadow (D:14)
  4 wyverns
  3 vampire mosquitoes (D:14)
  2 hungry ghosts
  Edmund (D:5)
  9 water moccasins
  Duvessa (D:6)
  A soldier ant (D:9)
  14 porcupines
  2 sky beasts
  3 ice beasts
  3 phantoms
  4 orc warriors
  2 black bears
  3 boggarts (Lair:6)
  13 crocodiles
  6 ogres
  5 centaurs
  24 wolves
  A big kobold (D:9)
  4 small abominations (Gauntlet)
  13 bullfrogs
  A gnoll sergeant (D:9)
  Dowan (D:6)
  A scorpion (D:9)
  17 killer bees (Lair:2)
  An electric eel (Lair:3)
  2 wights
  6 howler monkeys
  2 lava snakes (D:10)
  3 bullfrog zombies
  3 crimson imps
  4 hounds
  A hound (shapeshifter) (D:10)
  A jelly (D:7)
  5 orc priests
  2 bullfrog skeletons
  A centaur skeleton (D:6)
  10 orc wizards
  2 iguanas
  5 hell rats
  8 worker ants
  A hound zombie (D:8)
  A hound skeleton (D:9)
  2 howler monkey zombies
  5 gnolls
  12 adders
  4 river rats (Lair:3)
  6 shadow imps
  2 ufetubi (Gauntlet)
  3 oozes
  2 adder skeletons
  2 adder zombies
  3 worms
  A dart slug (D:5)
  5 leopard geckos
  32 orcs
  5 giant cockroaches
  6 goblins
  6 hobgoblins
  16 jackals
  6 quokkas
  9 bats
  5 frilled lizards
  2 giant cockroach zombies (D:6)
  A jackal skeleton (D:6)
  10 kobolds
  2 kobold zombies (Ossuary)
  A leopard gecko skeleton (D:3)
  A leopard gecko zombie (D:6)
  A quokka zombie (D:8)
  8 rats
546 creatures vanquished.

Vanquished Creatures (others)
  A hobgoblin zombie (Ossuary)
  3 bushes
  805 foxfires
  9 fungi
  14 plants
  12 withered plants (Gauntlet)
844 creatures vanquished.

Grand Total: 1390 creatures vanquished

Notes
Turn   | Place    | Note
-------+----------+-------------------------------------------
     0 | D:1      | surprisetrex the Hill Orc Fire Elementalist began the quest
                  | for the Orb.
     0 | D:1      | Reached XP level 1. HP: 14/14 MP: 3/3
   178 | D:1      | Reached skill level 1 in Fighting
   258 | D:1      | Reached XP level 2. HP: 21/23 MP: 0/4
  1735 | D:2      | Reached XP level 3. HP: 29/29 MP: 3/5
  1831 | D:2      | Found an iron altar of Okawaru.
  1847 | D:2      | Became a worshipper of Warmaster Okawaru
  2273 | D:2      | Reached XP level 4. HP: 37/37 MP: 6/6
  2401 | D:2      | Found a sparkling altar of Nemelex Xobeh.
  2553 | D:2      | Reached skill level 4 in Fire Magic
  2748 | D:3      | Found an iron altar of Okawaru.
  3395 | D:3      | Learned a level 4 spell: Sticky Flame
  3682 | D:4      | Reached XP level 5. HP: 20/45 MP: 5/7
  3703 | D:4      | Reached * piety under Okawaru
  3896 | D:4      | Reached skill level 5 in Fire Magic
  3915 | D:4      | Reached XP level 6. HP: 38/51 MP: 0/8
  4206 | D:4      | Found a sand-covered staircase.
  4213 | Ossuary  | Entered an ossuary
  4676 | D:4      | Reached skill level 6 in Fire Magic
  4818 | D:4      | Reached XP level 7. HP: 56/57 MP: 4/9
  5244 | D:5      | Entered Level 5 of the Dungeon
  5627 | D:5      | Learned a level 3 spell: Conjure Flame
  6400 | D:5      | Found a shadowy altar of Dithmenos.
  7065 | D:6      | Noticed Duvessa
  7077 | D:6      | Noticed Dowan
  7078 | D:6      | Killed Duvessa
  7078 | D:6      | Reached ** piety under Okawaru
  7267 | D:5      | Reached skill level 7 in Fire Magic
  7517 | D:5      | Reached XP level 8. HP: 36/63 MP: 5/10
  7908 | D:6      | Noticed Edmund
  8031 | D:5      | Gained mutation: You passively map a small area around you.
                  | [potion of mutation]
  8031 | D:5      | Gained mutation: Armour fits poorly on your strangely
                  | shaped body. [potion of mutation]
  8031 | D:5      | Gained mutation: You are partially covered in rugged brown
                  | scales. (AC +1, +3% HP) [potion of mutation]
  8139 | D:5      | Killed Edmund
  8487 | D:6      | Lost mutation: You passively map a small area around you.
                  | [potion of mutation]
  8487 | D:6      | Lost mutation: You are partially covered in rugged brown
                  | scales. (AC +1, +3% HP) [potion of mutation]
  8487 | D:6      | Lost mutation: Armour fits poorly on your strangely shaped
                  | body. [potion of mutation]
  8487 | D:6      | Gained mutation: You are resistant to electric shocks.
                  | (rElec) [potion of mutation]
  8487 | D:6      | Gained mutation: You are robust. (+10% HP) [potion of
                  | mutation]
  8487 | D:6      | Gained mutation: You expend magic power (3 MP) to
                  | strengthen your wands. [potion of mutation]
  8487 | D:6      | Gained mutation: You possess an exceptional clarity of
                  | mind. [potion of mutation]
  8488 | D:6      | Reached skill level 10 in Fire Magic
  8488 | D:6      | Reached XP level 9. HP: 83/90 MP: 11/11
  8963 | D:6      | Killed Dowan
  9359 | D:6      | Found a radiant altar of Vehumet.
  9425 | D:6      | Found Qerepawa's General Store.
  9437 | D:6      | Bought a scroll of identify for 24 gold pieces
  9443 | D:6      | Learned a level 5 spell: Fireball
 10155 | D:7      | Reached skill level 1 in Armour
 10155 | D:7      | Reached skill level 1 in Evocations
 10156 | D:7      | Found a staircase to the Ecumenical Temple.
 10226 | Temple   | Entered the Ecumenical Temple
 10357 | D:7      | Reached *** piety under Okawaru
 10553 | D:7      | Found a shimmering altar of Xom.
 10554 | D:7      | Found a shimmering altar of Xom.
 10554 | D:7      | Found a shimmering altar of Xom.
 10604 | D:7      | Reached XP level 10. HP: 96/99 MP: 14/14
 12480 | D:8      | Noticed a kobold demonologist
 12509 | D:8      | Noticed a death yak
 12600 | D:8      | Noticed a two-headed ogre
 12602 | D:8      | Noticed a soul eater
 12672 | D:8      | Reached **** piety under Okawaru
 12674 | D:8      | Noticed an orange demon
 12764 | D:8      | Noticed a death yak
 12765 | D:8      | Noticed a death yak
 12787 | D:7      | Killed a death yak
 12787 | D:7      | Reached skill level 5 in Armour
 13059 | D:7      | Reached skill level 10 in Conjurations
 13059 | D:7      | Reached skill level 12 in Fire Magic
 13059 | D:7      | Reached XP level 11. HP: 104/104 MP: 15/15
 13173 | D:8      | Noticed a two-headed ogre
 13182 | D:8      | Killed a two-headed ogre
 13439 | D:8      | Killed a two-headed ogre
 13439 | D:8      | Reached ***** piety under Okawaru
 13439 | D:8      | Reached XP level 12. HP: 113/113 MP: 5/17
 13824 | D:8      | Found a white marble altar of Elyvilon.
 13826 | D:8      | Found an opulent altar of Gozag.
 13826 | D:8      | Found a glowing golden altar of the Shining One.
 13968 | D:7      | Killed a death yak
 14093 | D:8      | Found a staircase to the Lair.
 14113 | D:8      | Killed a death yak
 14769 | D:9      | Found Suwkiadi's Book Boutique.
 14893 | D:9      | Noticed Erolcha
 15206 | Lair:1   | Entered Level 1 of the Lair of Beasts
 15233 | Lair:1   | Noticed Urug
 15296 | D:8      | Killed Urug
 15662 | D:8      | Reached skill level 13 in Fire Magic
 15901 | Lair:1   | Reached skill level 5 in Shields
 17186 | Lair:2   | Received a gift from Okawaru
 17222 | Lair:2   | Noticed Prince Ribbit
 17631 | Lair:2   | Noticed an eight-headed hydra
 17739 | Lair:2   | Killed Prince Ribbit
 17779 | Lair:2   | Reached skill level 14 in Fire Magic
 18259 | Lair:2   | Killed an eight-headed hydra
 18259 | Lair:2   | Reached XP level 13. HP: 121/121 MP: 0/18
 18903 | Lair:2   | Reached ****** piety under Okawaru
 21315 | Lair:3   | Found a staircase to the Swamp.
 21759 | Lair:3   | Reached skill level 10 in Shields
 21860 | Lair:4   | Received a gift from Okawaru
 22010 | Lair:4   | Noticed Nessos
 22011 | Lair:4   | Noticed Nessos
 22011 | Lair:4   | Nessos changed into Nessos the moth of wrath
 22019 | Lair:4   | Killed Nessos the moth of wrath
 22483 | Lair:3   | Received a gift from Okawaru
 23282 | Lair:4   | Found a hole to the Spider Nest.
 23998 | Lair:5   | Found a viscous altar of Jiyva.
 23999 | Lair:5   | Found a staircase to the Slime Pits.
 25268 | Lair:6   | Entered Level 6 of the Lair of Beasts
 25285 | Lair:5   | Reached XP level 14. HP: 117/127 MP: 15/20
 26173 | Lair:6   | Noticed Josephine
 26524 | Lair:6   | Learned a level 3 spell: Mephitic Cloud
 26901 | Lair:6   | Received a gift from Okawaru
 27129 | Lair:6   | Reached skill level 5 in Spellcasting
 27240 | Lair:6   | Reached skill level 1 in Poison Magic
 29244 | Lair:6   | Killed Josephine
 30140 | D:9      | Received a gift from Okawaru
 30222 | D:9      | Noticed Psyche
 30236 | D:8      | Killed Psyche
 30299 | D:9      | Killed Erolcha
 30499 | D:10     | Entered Level 10 of the Dungeon
 30510 | D:10     | Noticed Gastronok
 30532 | D:10     | Killed Gastronok
 31091 | D:10     | Got a pitted chain mail
 31115 | D:9      | Identified the cursed +1 chain mail of the Guilds {Regen+
                  | Str-5 Dex+4} (You found it on level 10 of the Dungeon)
 31343 | D:10     | Found a sparkling altar of Nemelex Xobeh.
 31442 | D:10     | Reached XP level 15. HP: 132/138 MP: 25/25
 32286 | D:11     | You fall into a shaft and drop 3 floors!
 32331 | D:14     | Reached skill level 10 in Fighting
 32630 | D:14     | Reached skill level 15 in Fire Magic
 32968 | D:14     | Noticed Snorg
 32978 | D:14     | Killed Snorg
 33687 | D:12     | Received a gift from Okawaru
 33688 | D:12     | Got a bloodstained flail {god gift}
 33689 | D:12     | Identified the +7 flail of the Volcano {pain, rF+ rC+
                  | Dex+4} (Okawaru gifted it to you on level 12 of the
                  | Dungeon)
 33701 | D:12     | Found a gate leading to a gauntlet.
 33712 | Gauntlet | Entered a Gauntlet
 33712 | Gauntlet | Found a transporter.
 33712 | Gauntlet | Found a transporter.
 33712 | Gauntlet | Found a large runed translucent door.
 33712 | Gauntlet | Found a large runed translucent door.
 33712 | Gauntlet | Found a large runed translucent door.
 33712 | Gauntlet | Found a large runed translucent door.
 33712 | Gauntlet | Found a large runed translucent door.
 33712 | Gauntlet | Found a large runed translucent door.
 33712 | Gauntlet | Found a runed translucent door.
 33712 | Gauntlet | Found a runed translucent door.
 33712 | Gauntlet | Found a large runed translucent door.
 33712 | Gauntlet | Found a large runed translucent door.
 33712 | Gauntlet | Found a large runed translucent door.
 33712 | Gauntlet | Found a large runed translucent door.
 33712 | Gauntlet | Found a large runed translucent door.
 33712 | Gauntlet | Found a large runed translucent door.
 33727 | Gauntlet | Found a transporter.
 33729 | Gauntlet | Found a transporter.
 33737 | Gauntlet | Found a large runed translucent door.
 33737 | Gauntlet | Found a large runed translucent door.
 33737 | Gauntlet | Found a large runed translucent door.
 33737 | Gauntlet | Found a large runed translucent door.
 33743 | Gauntlet | Found a runed translucent gate.
 33743 | Gauntlet | Found a runed translucent gate.
 33743 | Gauntlet | Found a runed translucent gate.
 33745 | Gauntlet | Found a transporter.
 33760 | Gauntlet | Found a transporter.
 33774 | Gauntlet | Found a transporter.
 33787 | Gauntlet | Found a transporter.
 33803 | Gauntlet | Found a transporter.
 33872 | Gauntlet | Found a transporter.
 33885 | Gauntlet | Found a transporter.
 33907 | Gauntlet | Found a transporter.
 33914 | Gauntlet | Found a transporter.
 33919 | Gauntlet | Found the +2 hood of the Assassin {Detection Stab+ Stlth++}
 33931 | Gauntlet | Found a transporter.
 34008 | Gauntlet | Found a transporter.
 34016 | Gauntlet | Found a transporter.
 34531 | Gauntlet | Identified the cursed +0 trident of the Nine Gods {drain,
                  | rN++}
 34636 | Gauntlet | HP: 7/141 [minotaur/the cursed +0 trident of the Nine Gods
                  | {drain, rN++} (7)]
 34692 | Gauntlet | Slain by a minotaur

Levels and vault maps discovered:
D:1:      dpeg_arrival_long_road, layout_basic
D:2:      layout_basic, old_standard_altar, st_stairs_4,
          nemelex_dance_club_becter
D:3:      cheibrodos_helix_gallery, layout_rooms, roderic_roman_lattice,
          okawaru_metal_pillars_1_2
D:4:      layout_loops_ring, first_ration, chequers_ossuary_entry_cave,
          chequers_serial_rivers_micro_d
D:5:      layout_basic, grunt_dithmenos_smoke
D:6:      layout_basic, serial_shops, kennysheep_little_box,
          minmay_ruined_shrine, uniq_edmund, uniq_duvessa
D:7:      layout_loops_ring, minmay_temple_entry_slanted, grunt_ministairs_3,
          xom_redecorated
D:8:      minmay_blocky_corners, layout_rooms,
          gammafunk_temple_overflow_forgotten, dpeg_lair_monsters
D:9:      layout_roguey, serial_shops, shop, uniq_erolcha, uniq_psyche
D:10:     kennysheep_big_flooded_room, layout_small_grid, basic_altar,
          uniq_gastronok
D:11:     layout_roguey, erik_orc_4, nrook_pool_corridor
D:12:     layout_roguey, serial_shops, shop_coins, gauntlet_entry_generic,
          grunt_tengu_nest
D:13:     layout_basic, portal_ice_cave_entry_imps, grunt_decor_arrowhead
D:14:     layout_roguey, david_vaults_5, fungi_pond_lemuel, bh_walls_and_bars,
          uniq_snorg
Temple:   hc_temple_tempest_star
Lair:1:   layout_gridlike, uniq_urug
Lair:2:   layout_cave_pods, special_room [special_room_bee], lemuel_fruit_tree,
          serial_bayou_shore_b, uniq_prince_ribbit2
Lair:3:   layout_roguey, swamp_mist, kennysheep_abandoned_house,
          serial_bayou_shore_a, infiniplex_staircase_pool
Lair:4:   layout_layer_cave, spider_nest_entry_funnel_web, uniq_nessos
Lair:5:   layout_layer_cave, slime_altar_1, beast_lair_carwin_7
Lair:6:   minmay_lair_end_enchanted_forest, layout_big_grid, wad_woods_road_01,
          chequers_serial_rivers_small_a, nicolae_quartered_pool_super,
          infiniplex_staircase_pool_2, uniq_josephine
Gauntlet: gammafunk_gauntlet_branching
          [minmay_gauntlet_arena_make_your_own_arena,
          gammafunk_gauntlet_arena_arrow_garden,
          gammafunk_gauntlet_arena_split_diamond,
          gammafunk_gauntlet_arena_hedges, nicolae_gauntlet_arena_t_cross,
          gammafunk_gauntlet_arena_split_x, nicolae_gauntlet_arena_quarters,
          gammafunk_gauntlet_arena_spirals,
          nicolae_gauntlet_exit_dead_adventurers]

Skill      XL: |  1  2  3  4  5  6  7  8  9 10 11 12 13 14 15 |
---------------+----------------------------------------------+-----
Fighting       | 1 2 3 8 9 11 | 11.0
Dodging        | 2 |  2.3
Fire Magic     | 4 5 6 7 10 12 14 15 | 15.5
Conjurations   | 2 3 4 8 10 | 10.7
Axes           | 3 4 |  4.9
Spellcasting   | 2 3 4 7 |  7.1
Armour         | 2 5 7 8 |  8.1
Evocations     | 2 4 |  4.0
Shields        | 3 7 12 13 | 13.2
Poison Magic   | 3 |  3.0
Stealth        | |  1.5

Action                   |  1- 3 |  4- 6 |  7- 9 | 10-12 | 13-15 || total
-------------------------+-------+-------+-------+-------+-------++-------
Melee: Unarmed           |     7 |       |       |       |       ||     7
       Short sword       |    40 |   109 |    81 |       |       ||   230
       War axe           |       |       |    60 |       |       ||    60
       Dire flail        |       |       |   153 |   243 |       ||   396
       Scimitar          |       |       |       |   119 |  1010 ||  1129
       Flail             |       |       |       |       |    60 ||    60
 Fire: Hunting sling     |       |    30 |   121 |    95 |    19 ||   265
Throw: Javelin           |     2 |     2 |       |       |       ||     4
       Boomerang         |       |     4 |     3 |       |    49 ||    56
       Dart              |       |       |     6 |    14 |    44 ||    64
 Cast: Foxfire           |    52 |    70 |    38 |   165 |   169 ||   494
       Sticky Flame      |       |     2 |    12 |    21 |    63 ||    98
       Conjure Flame     |       |       |     8 |     7 |     1 ||    16
       Fireball          |       |       |       |     2 |    27 ||    29
       Mephitic Cloud    |       |       |       |       |    12 ||    12
 Abil: Stop Flying       |       |       |       |       |     1 ||     1
       Evoke Invisibilit |       |       |       |       |     1 ||     1
Evoke: Wand              |       |       |     4 |     2 |    19 ||    25
  Use: Scroll            |       |       |     8 |     5 |    22 ||    35
       Potion            |       |       |     4 |     1 |    21 ||    26
 Stab: Sleeping          |     2 |     2 |       |       |       ||     4
       Confused          |       |       |       |       |     3 ||     3
  Eat: Chunk             |     2 |     8 |     3 |    22 |    39 ||    74
       Ration            |     1 |     1 |     6 |     4 |    12 ||    24
Armor: Robe              |    17 |    48 |    50 |       |       ||   115
       Ring mail         |       |       |    60 |   145 |   569 ||   774
       Scale mail        |       |       |       |    80 |       ||    80
Dodge: Dodged            |    44 |   100 |   177 |   262 |   603 ||  1186
Block: Buckler           |       |       |       |    41 |    35 ||    76
       Kite shield       |       |       |       |       |   819 ||   819
       Reflection        |       |       |       |       |    17 ||    17
       Rpst.: Scimitar   |       |       |       |    27 |   171 ||   198

Table legend:
 A = Non-vault XP
 B = Vault XP
 C = Vault XP percentage of total XP
 D = Non-vault monster count
 E = Vault monster count
 F = Vault count percentage of total count
                 A         B        C        D         E       F
            +---------+---------+-------+---------+---------+-------
      Total |   55722 |   37467 |  40.2 |     395 |     151 |  27.7
            +---------+---------+-------+---------+---------+-------
        D:1 |      25 |       0 |   0.0 |      13 |       0 |   0.0
        D:2 |      54 |      29 |  34.9 |      22 |       5 |  18.5
        D:3 |     157 |       4 |   2.5 |      16 |       2 |  11.1
        D:4 |     429 |       0 |   0.0 |      22 |       0 |   0.0
        D:5 |     533 |     169 |  24.1 |      26 |       1 |   3.7
        D:6 |     484 |     667 |  57.9 |      17 |       7 |  29.2
        D:7 |    1736 |    2033 |  53.9 |      26 |       6 |  18.8
        D:8 |    1530 |    5488 |  78.2 |      18 |      15 |  45.5
        D:9 |    4025 |    1019 |  20.2 |      45 |       1 |   2.2
       D:10 |    2246 |    2516 |  52.8 |      15 |       3 |  16.7
       D:12 |     686 |       0 |   0.0 |       8 |       0 |   0.0
       D:13 |    1267 |       0 |   0.0 |       8 |       0 |   0.0
       D:14 |    5633 |    3277 |  36.8 |      16 |       3 |  15.8
     Lair:1 |    4268 |     259 |   5.7 |      17 |       1 |   5.6
     Lair:2 |    4287 |    2122 |  33.1 |      22 |      21 |  48.8
     Lair:3 |    8377 |     635 |   7.0 |      33 |      11 |  25.0
     Lair:4 |    2203 |    3015 |  57.8 |      11 |       7 |  38.9
     Lair:5 |    6573 |    2713 |  29.2 |      26 |      10 |  27.8
     Lair:6 |   11209 |    9744 |  46.5 |      34 |      44 |  56.4
    Ossuary |       0 |       2 | 100.0 |       0 |       2 | 100.0
   Gauntlet |       0 |    3775 | 100.0 |       0 |      12 | 100.0
            +---------+---------+-------+---------+---------+-------
